 Dungeon Crawl Stone Soup version 0.25-a0-413-g3b4b6a4ccc (webtiles) character file.

Game seed: 16948478771393067210, levelgen mode: deterministic

188895 Borgoz the Tortoise (level 18, -7/123 HPs)
             Began as a Gargoyle Gladiator on Jan 15, 2020.
             Was a High Priest of Okawaru.
             Mangled by a kraken (23 damage)
             ... on level 4 of the Shoals.
             The game lasted 01:28:59 (41193 turns).

Borgoz the Tortoise (Gargoyle Gladiator)           Turns: 41193, Time: 01:29:00

Health: -7/123     AC: 41    Str: 27    XL:     18   Next: 56%
Magic:  0/23       EV: 22    Int: 10    God:    Okawaru [*****.]
Gold:   229        SH:  7    Dex: 14    Spells: 17/17 levels left

rFire    + . .     SeeInvis +   a - +9 mace "Jyfytoy" {crush, +Rage rC++ Str-4 Int+2}
rCold    + + +     Gourm    .   I - +0 buckler {reflect}
rNeg     + + +     Faith    .   E - +4 scale mail of Lies {rC++ rN+ rCorr Int-5}
rPois    ∞         Spirit   +   K - +1 hat {Int+3}
rElec    +         Reflect  +   v - +2 cloak of the Sun {Str+4}
rCorr    +         Harm     .   w - +1 pair of gloves
MR       +....                  B - +2 pair of boots {run}
Stlth    ++........             k - amulet of guardian spirit
HPRegen  0.30/turn              A - ring of Bodily Harmony {rF+ rC+ rN+ Str-2}
MPRegen  0.18/turn              e - ring "Seann" {*Drain rN+ Dex+6 SInv}

@: mighty, heroism, finesse, flying, mesmerised, studying 2 skills, quick
A: big wings, clumsy 2, negative energy resistance 1, electricity resistance,
unbreathing, petrification resistance, rot immunity, AC +13
a: Stop Flying, Heroism, Finesse, Renounce Religion, Evoke Berserk Rage


You were on level 4 of the Shoals.
You worshipped Okawaru.
Okawaru was extremely pleased with you.
You were not hungry.

You visited 5 branches of the dungeon, and saw 28 of its levels.
You visited the Abyss 1 time.
You also visited: Sewer, Ossuary, Bailey, Gauntlet and Volcano.

You collected 4159 gold pieces.
You spent 3930 gold pieces at shops.

Inventory:

Hand Weapons
 a - the +9 mace "Jyfytoy" (weapon) {crush, +Rage rC++ Str-4 Int+2}
   (You found it on level 3 of the Shoals)

   It inflicts extra damage upon your enemies.
   It affects your strength (-4).
   It affects your intelligence (+2).
   It greatly protects you from cold.
   It lets you go berserk.
 O - the +5 whip of Change {elec, rPois MR+}
   (You found it on level 3 of the Abyss)

   Occasionally, upon striking a foe, it will discharge some electrical energy
   and cause terrible harm.
   It protects you from poison.
   It affects your resistance to hostile enchantments.
Missiles
 d - 6 throwing nets (quivered)
Armour
 b - a scarf of resistance
 v - the +2 cloak of the Sun (worn) {Str+4}
   (You bought it in a shop on level 9 of the Dungeon)

   It affects your strength (+4).
 w - a +1 pair of gloves (worn)
 B - a +2 pair of boots of running (worn)
 E - the +4 scale mail of Lies (worn) {rC++ rN+ rCorr Int-5}
   (You found it on level 10 of the Dungeon)

   It affects your intelligence (-5).
   It greatly protects you from cold.
   It protects you from negative energy.
   It provides partial protection from all sources of acid and corrosion.
 I - a +0 buckler of reflection (worn)
 K - a +1 hat of intelligence (worn)
Jewellery
 e - the ring "Seann" (right hand) {*Drain rN+ Dex+6 SInv}
   (You found it in a Gauntlet)

   [ring of see invisible]

   It affects your dexterity (+6).
   It protects you from negative energy.
   It lets you see invisible.
   It causes draining when unequipped.
 k - an amulet of guardian spirit (around neck)
 A - the ring of Bodily Harmony (left hand) {rF+ rC+ rN+ Str-2}
   (You found it in a Gauntlet)

   [ring of strength]

   It affects your strength (-2).
   It protects you from fire.
   It protects you from cold.
   It protects you from negative energy.
 G - the amulet of Yczoos {Gourm Str+3}
   (You acquired it in a bailey)

   [amulet of the gourmand]

   It allows you to eat raw meat even when not hungry.
   It affects your strength (+3).
 P - an uncursed ring of resist corrosion
Wands
 m - a wand of clouds (11)
 x - a wand of paralysis (4)
 z - a wand of digging (5)
 F - a wand of acid (11)
 L - a wand of scattershot (9)
Scrolls
 h - a scroll of immolation
 j - 19 scrolls of remove curse
 o - 17 scrolls of teleportation
 p - 3 scrolls of holy word
 r - 9 scrolls of fear
 t - a scroll of fog
 u - 4 scrolls of blinking
 y - 2 scrolls of magic mapping
 H - a scroll of identify
 J - a scroll of silence
 M - 2 scrolls of enchant weapon
Potions
 g - a potion of might
 i - 3 potions of cancellation
 l - 3 potions of haste
 n - 7 potions of curing
 s - a potion of berserk rage
 N - a potion of resistance
Books
 c - a manual of Shields
 q - a manual of
Armour
 C - a manual of Armour
Comestibles
 f - 59 rations


   Skills:
 * Level 17.0(22.0) Fighting
 * Level 16.0(21.0) Maces & Flails
 - Level 1.7(6.7) Throwing
 + Level 17.0(22.0) Armour
 * Level 13.8(18.8) Dodging
 + Level 8.7(13.7) Shields
 - Level 7.0 Invocations
 - Level 5.0 Evocations


You had 17 spell levels left.
You didn't know any spells.
Your spell library contained the following spells:

 Spells                   Type           Power        Failure   Level  Hunger
 Animate Skeleton         Necr           N/A          50%         1    ##.....
 Infusion                 Chrm           #...         50%         1    ##.....
 Magic Dart               Conj           #...         50%         1    ##.....
 Pain                     Necr           #...         50%         1    ##.....
 Sandblast                Erth           #.....       50%         1    ##.....
 Sting                    Tmut/Pois      #...         50%         1    ##.....
 Blink                    Tloc           N/A          65%         2    ###....
 Call Imp                 Summ           #.......     65%         2    ###....
 Passwall                 Tmut/Erth      #.......     65%         2    ###....
 Poisonous Vapours        Pois/Air       #.....       65%         2    ###....
 Shroud of Golubria       Chrm/Tloc      #.....       65%         2    ###....
 Slow                     Hex            #.......     65%         2    ###....
 Song of Slaying          Chrm           #.......     65%         2    ###....
 Confusing Touch          Hex            #.......     86%         3    ####...
 Conjure Flame            Conj/Fire      #.......     86%         3    ####...
 Gell's Gravitas          Tloc           #.........   86%         3    ####...
 Ignite Poison            Fire/Tmut/Pois #.......     86%         3    ####...
 Mephitic Cloud           Conj/Pois/Air  #.......     86%         3    ####...
 Ozocubu's Armour         Chrm/Ice       #.......     86%         3    ####...
 Spectral Weapon          Hex/Chrm       #.......     86%         3    ####...
 Vampiric Draining        Necr           #.........   86%         3    ####...
 Animate Dead             Necr           N/A          99%         4    #####..
 Cause Fear               Hex            #.........   99%         4    #####..
 Olgreb's Toxic Radiance  Pois           #.......     99%         4    #####..
 Petrify                  Tmut/Erth      #.......     99%         4    #####..
 Agony                    Necr           #.......     100%        5    ######.
 Bolt of Magma            Conj/Fire/Erth #.........   100%        5    ######.
 Metabolic Englaciation   Hex/Ice        #.........   100%        5    ######.
 Silence                  Hex/Air        #.........   100%        5    ######.
 Yara's Violent Unravell  Hex/Tmut       #.........   100%        5    ######.
 Deflect Missiles         Chrm/Air       #.........   100%        6    #######
 Freezing Cloud           Conj/Ice/Air   #.........   100%        6    #######
 Ring of Flames           Chrm/Fire      #.........   100%        7    #######
 Discord                  Hex            #.........   100%        8    #######


Dungeon Overview and Level Annotations

Branches:
Dungeon (15/15)            Temple (1/1) D:5            Lair (6/6) D:11
 Shoals (4/4) Lair:2       Spider (0/4) Lair:3        Slime (0/5) Lair:6
    Orc (2/2) D:10            Elf (0/3) Orc:2        Vaults (0/5) D:14
 Depths (0/5) D:15          Sewer (visited)         Ossuary (visited)
 Bailey (visited)         Volcano (visited)         Gauntlet (visited)

Altars:
Ashenzari
Cheibriados
Dithmenos
Elyvilon
Fedhas
Gozag
Hepliaklqana
Kikubaaqudgha
Makhleb
Nemelex Xobeh
Okawaru
Qazlal
Ru
Sif Muna
Trog
Uskayaw
Vehumet
Wu Jian
Xom
Yredelemnul
Zin
Beogh
Jiyva

Shops:
D:5 ?   D:6 %   D:9 }[[   D:12 ?   Orc:1 =   Orc:2 *?:!   Shoals:2 [!*:

Annotations:
Shoals:4 1 runed translucent door, jt's ghost, adept TrBe


Innate Abilities, Weirdness & Mutations

You are resistant to torment.
Your stone body is resilient. (AC +13)
You are immune to poison.
Your large and strong wings let you fly indefinitely.
You resist negative energy. (rN+)
You are resistant to electric shocks. (rElec)
You can survive without breathing.
You are immune to petrification.
You are immune to rotting.
You are very clumsy. (Dex -4)


Message History

The tentacle slaps you.
* * * LOW HITPOINT WARNING * * *
The tentacle completely misses you. The tentacle barely misses you.
You bludgeon the merfolk avatar!!
The merfolk avatar is moderately wounded.
The merfolk avatar chants its luring song.
A tentacle segment bursts forth from the water.
The kraken bites you but does no damage.
The tentacle completely misses you.
You thump the merfolk avatar!
The merfolk avatar is heavily wounded.
The tentacle barely misses you.
The tentacle slaps you but does no damage. x2
You feel very mighty all of a sudden.
A tentacle segment bursts forth from the water.
The tentacle misses you. The tentacle slaps you!
* * * LOW HITPOINT WARNING * * *
The tentacle slaps you but does no damage.
The kraken bites you!!
You die...

########################
≈≈≈≈≈≈≈≈≈≈≈≈≈≈≈≈≈≈≈≈≈≈≈≈
≈≈≈≈≈≈≈≈≈≈≈≈≈≈≈≈≈≈≈≈≈≈≈≈
≈≈≈≈≈≈≈≈≈≈≈≈≈≈≈≈≈≈≈≈≈≈≈≈
≈≈≈≈≈≈≈≈≈≈≈≈≈≈≈≈≈≈≈≈≈≈≈≈
≈≈≈≈≈≈≈≈≈≈≈≈≈≈≈www≈≈≈≈≈≈
≈≈≈≈≈≈≈≈≈≈≈≈≈≈≈≈@X≈≈≈≈≈≈
≈≈≈≈≈≈≈≈≈≈≈≈≈≈≈w≈m≈≈≈≈≈≈
≈≈≈≈≈≈≈≈≈≈≈≈≈≈≈≈≈≈≈≈≈≈≈≈
≈≈≈≈≈≈≈≈≈≈≈≈≈≈≈≈≈≈≈≈≈≈≈≈
≈≈≈≈≈≈≈≈≈≈....≈≈≈≈≈≈≈≈≈≈
≈≈≈≈≈≈≈≈≈.......≈≈≈≈≈≈≈≈≈≈
≈≈≈≈≈≈≈≈≈######..≈≈≈≈≈≈≈≈≈
≈≈....(≈## .#.)...≈≈≈≈≈≈
≈......## .......≈≈≈≈


You could see a kraken, a merfolk avatar and 4 tentacles.

Vanquished Creatures
  A hellephant (Abyss:3)
  A kraken (Shoals:3)
  An Executioner (Abyss:3)
  2 tentacled starspawn (Abyss:3)
  Polyphemus (Shoals:2)
  Gastronok (Lair:1)
  The ghost of MirrMurr the Warrior, an adept KoBe of Trog (Shoals:2)
  Ilsuiw (Shoals:2)
  An orc warlord (Orc:2)
  A dire elephant (Lair:6)
  7 merfolk javelineers
  4 merfolk impalers
  2 fire dragons
  Fannar (Lair:3)
  Erolcha (D:11)
  14 hydras
  A vault guard (D:14)
  An alligator snapping turtle (Shoals:4)
  A death knight (D:14)
  2 centaur warriors
  2 tengu warriors
  4 merfolk avatars
  An ogre mage (D:15)
  2 satyrs
  2 catoblepae
  17 two-headed ogres
  6 merfolk aquamancers
  7 death yaks
  6 orc high priests
  A thrashing horror (Abyss:3)
  A skeletal warrior (D:10)
  A wretched star (Abyss:3)
  4 large abominations (Abyss:3)
  13 sea snakes
  A swamp dragon (Lair:6)
  A glowing orange brain (Abyss:3)
  5 unseen horrors
  An obsidian statue (D:13)
  2 lindwurms (Lair:6)
  3 wizards
  7 orc knights
  13 harpies
  A necromancer (Gauntlet)
  3 deep elf magi
  16 ugly things
  3 salamanders (Volcano)
  6 cyclopes
  3 oklob plants
  4 orc sorcerers (Orc:2)
  11 manticores
  5 fauns
  A guardian serpent (Abyss:3)
  11 merfolk sirens
  5 elephants (Lair:6)
  A water nymph (shapeshifter) (Abyss:3)
  7 water nymphs
  An apocalypse crab (Abyss:3)
  2 smoke demons (Abyss:3)
  A gargoyle (D:15)
  2 naga magi (D:15)
  6 black mambas
  Psyche (D:9)
  Maggie (Lair:2)
  11 spiny frogs
  2 efreet
  5 freezing wraiths
  4 rime drakes
  10 komodo dragons
  A komodo dragon (shapeshifter) (D:15)
  4 kobold demonologists
  3 ancient zymes (Abyss:3)
  4 jumping spiders (Lair:3)
  19 merfolk
  A tengu conjurer (D:14)
  4 trolls
  A polar bear (Lair:6)
  3 wind drakes
  6 snapping turtles
  5 slime creatures (D:12)
  Grinder (Sewer)
  Prince Ribbit (D:5)
  A wind drake (shapeshifter) (D:15)
  7 dream sheep (Lair:6)
  8 raiju (Abyss:3)
  13 hippogriffs
  26 blink frogs
  2 redbacks (Lair:3)
  2 centaur simulacra (Gauntlet)
  30 yaks
  18 water elementals
  7 wyverns
  5 wraiths
  2 shadows (D:15)
  3 ynoxinuls (Abyss:3)
  12 fire bats
  12 humans
  3 hogs (D:10)
  4 basilisks
  A chaos spawn (Abyss:3)
  6 hungry ghosts
  4 steam dragons
  A warg (Orc:1)
  Edmund (D:5)
  6 acid dragons
  13 water moccasins
  A hydra simulacrum (Gauntlet)
  A swamp drake (Lair:6)
  8 porcupines
  8 sky beasts
  2 black bears
  3 phantoms
  A hornet zombie (D:15)
  60 orc warriors
  4 ice beasts
  22 ogres
  2 eyes of draining
  2 necrophages
  20 wolves
  8 centaurs
  15 crocodiles
  13 big kobolds
  3 elf zombies (Ossuary)
  Blork the orc (D:5)
  11 bullfrogs
  3 gnoll sergeants
  2 wyvern zombies
  A water moccasin skeleton (D:8)
  A wyvern skeleton (D:15)
  13 scorpions
  27 killer bees
  7 wights
  A howler monkey (D:9)
  6 electric eels (D:7)
  4 crimson imps
  A starcursed mass (Abyss:3)
  3 bullfrog zombies
  32 orc priests
  3 centaur zombies
  5 quasits
  2 jellies
  13 orc wizards
  Crazy Yiuf (D:3)
  A human zombie (Ossuary)
  4 gnoll shamans
  15 hounds
  3 centaur skeletons
  An iron imp (Abyss:3)
  6 iguanas
  10 worker ants
  4 small abominations (Abyss:3)
  3 big kobold zombies
  A hound zombie (D:10)
  3 hound skeletons
  2 mummies (Ossuary)
  A worker ant zombie (D:7)
  34 gnolls
  16 adders
  7 shadow imps
  2 white imps (D:13)
  3 ufetubi
  2 oozes
  3 adder zombies
  2 worms
  2 dart slugs
  6 leopard geckos
  117 orcs
  A bat zombie (Sewer)
  9 giant cockroaches
  7 goblins
  7 hobgoblins
  9 jackals
  54 kobolds
  4 quokkas
  2 ball pythons (Sewer)
  7 bats
  7 frilled lizards
  A giant cockroach zombie (D:5)
  2 goblin zombies (Ossuary)
  6 hobgoblin zombies (Ossuary)
  2 jackal zombies (Ossuary)
  6 kobold zombies (Ossuary)
  12 orc zombies (Ossuary)
  A quokka skeleton (D:7)
  6 rats
  2 rat zombies (Ossuary)
  5 bushes (D:13)
  A fungus (D:3)
  11 plants (D:11)
  A starspawn tentacle (Abyss:3)
  2 tentacles
1231 creatures vanquished.

Vanquished Creatures (others)
  A manticore (Shoals:4)
  A water elemental (Shoals:4)
  A crocodile (Lair:6)
  An ooze (Sewer)
  2 orcs (Bailey)
  A bat zombie (Sewer)
  2 kobolds
  14 fungi
  A lurking horror (Abyss:3)
  33 plants
  5 starspawn tentacles (Abyss:3)
  4 tentacles (Shoals:3)
  4 toadstools (D:3)
70 creatures vanquished.

Grand Total: 1301 creatures vanquished

Notes
Turn   | Place    | Note
-------+----------+-------------------------------------------
     0 | D:1      | Borgoz the Gargoyle Gladiator began the quest for the Orb.
     0 | D:1      | Reached XP level 1. HP: 12/12 MP: 1/1
    44 | D:1      | Reached XP level 2. HP: 10/18 MP: 2/2
   342 | D:1      | Reached skill level 1 in Armour
   937 | D:2      | Reached XP level 3. HP: 22/22 MP: 3/3
  1031 | D:2      | Reached XP level 4. HP: 15/27 MP: 4/4
  1167 | D:2      | Found a faded altar of an unknown god.
  1333 | D:2      | Found a white marble altar of Elyvilon.
  1335 | D:2      | Found a burning altar of Makhleb.
  1513 | D:2      | Found an opulent altar of Gozag.
  1815 | D:3      | Reached XP level 5. HP: 32/32 MP: 5/5
  2115 | D:3      | Found a runed translucent door.
  2116 | D:3      | Noticed Crazy Yiuf
  2190 | D:3      | Killed Crazy Yiuf
  2353 | D:4      | Noticed an ogre
  2364 | D:4      | Killed an ogre
  2364 | D:4      | Reached XP level 6. HP: 12/38 MP: 6/6
  2420 | D:4      | Noticed a phantom
  2422 | D:4      | Noticed a phantom
  2428 | D:4      | Found a snail-covered altar of Cheibriados.
  2486 | D:4      | Killed a phantom
  2486 | D:4      | Reached XP level 7. HP: 24/44 MP: 7/7
  2539 | D:4      | Found a glowing drain.
  2556 | Sewer    | Entered a sewer
  2872 | Sewer    | Reached skill level 5 in Maces & Flails
  2897 | Sewer    | Found a burning altar of Makhleb.
  3050 | Sewer    | Reached skill level 5 in Fighting
  3149 | Sewer    | Noticed Grinder
  3176 | Sewer    | Killed Grinder
  3176 | Sewer    | Reached XP level 8. HP: 25/50 MP: 8/8
  3615 | D:4      | Reached skill level 5 in Armour
  3926 | D:5      | Entered Level 5 of the Dungeon
  3926 | D:5      | Noticed Edmund
  3940 | D:5      | Killed Edmund
  3997 | D:5      | Reached skill level 5 in Dodging
  4184 | D:5      | Reached XP level 9. HP: 55/56 MP: 9/9
  4288 | D:5      | Found Jenoahao's Magic Scroll Shop.
  4459 | D:6      | Found a shadowy altar of Dithmenos.
  4517 | D:6      | Found Guilif's Food Emporium.
  4890 | D:6      | Found a sand-covered staircase.
  4898 | Ossuary  | Entered an ossuary
  5541 | D:5      | Noticed Prince Ribbit
  5758 | D:5      | Killed Prince Ribbit
  5793 | D:5      | Noticed Blork the orc
  5801 | D:5      | Killed Blork the orc
  6330 | D:5      | Found a staircase to the Ecumenical Temple.
  6531 | Temple   | Entered the Ecumenical Temple
  6609 | Temple   | Became a worshipper of Warmaster Okawaru
  6883 | D:7      | Reached XP level 10. HP: 54/64 MP: 10/10
  7045 | D:7      | Found an ancient bone altar of Kikubaaqudgha.
  7126 | D:7      | Killed an unseen horror
  7126 | D:7      | Reached * piety under Okawaru
  7781 | D:7      | Found a bloodstained altar of Trog.
  8346 | D:8      | Reached skill level 1 in Invocations
  8365 | D:8      | Found a stormy altar of Qazlal.
  9278 | D:9      | Noticed Psyche
  9284 | D:9      | Paralysed by Psyche for 7 turns
  9298 | D:9      | Killed Psyche
  9439 | D:9      | Reached ** piety under Okawaru
  9450 | D:9      | Found Pimi's Gadget Boutique.
  9462 | D:9      | Found a radiant altar of Vehumet.
  9510 | D:9      | Noticed a two-headed ogre
  9526 | D:9      | Killed a two-headed ogre
  9810 | D:8      | Reached XP level 11. HP: 48/71 MP: 13/13
  9983 | D:8      | Reached *** piety under Okawaru
 10413 | D:9      | Found Naxaot's Antique Armour Shoppe.
 10650 | D:9      | Noticed a two-headed ogre
 10661 | D:9      | Killed a two-headed ogre
 11011 | D:9      | Found Meytsuss's Armour Boutique.
 11168 | D:10     | Entered Level 10 of the Dungeon
 11189 | D:10     | Noticed a skeletal warrior
 11223 | D:10     | Killed a skeletal warrior
 11579 | D:10     | Reached **** piety under Okawaru
 11927 | D:10     | Found a staircase to the Orcish Mines.
 12062 | D:10     | Killed an unseen horror
 12377 | D:10     | Got an ichor-stained scale mail
 12391 | D:10     | Identified the +4 scale mail of Lies {rC++ rN+ rCorr Int-5}
                  | (You found it on level 10 of the Dungeon)
 12512 | D:10     | Reached skill level 10 in Fighting
 12589 | D:10     | Reached ***** piety under Okawaru
 12704 | D:10     | Noticed a cyclops
 12735 | D:10     | Killed a cyclops
 12735 | D:10     | Reached skill level 10 in Armour
 12997 | D:10     | Found a roughly hewn altar of Beogh.
 13193 | D:10     | Noticed a cyan ugly thing
 13223 | D:10     | Killed a cyan ugly thing
 13223 | D:10     | Reached skill level 10 in Maces & Flails
 13223 | D:10     | Reached XP level 12. HP: 36/78 MP: 14/14
 13853 | D:11     | Noticed a six-headed hydra
 13860 | D:11     | Killed a six-headed hydra
 13860 | D:11     | Received a gift from Okawaru
 13931 | D:11     | Found a gate leading to a gauntlet.
 13935 | Gauntlet | Entered a Gauntlet
 13935 | Gauntlet | Found a transporter.
 13935 | Gauntlet | Found a transporter.
 13935 | Gauntlet | Found a transporter.
 13937 | Gauntlet | Found a transporter.
 13941 | Gauntlet | Found a transporter.
 13943 | Gauntlet | Found a transporter.
 13948 | Gauntlet | Found a transporter.
 13950 | Gauntlet | Found a transporter.
 13952 | Gauntlet | Found a transporter.
 13960 | Gauntlet | Found a transporter.
 13964 | Gauntlet | Found a transporter.
 14052 | Gauntlet | Found a transporter.
 14433 | Gauntlet | Got a smoking silver ring
 14439 | Gauntlet | Got a twitching amber ring
 14442 | Gauntlet | Identified the ring "Seann" {*Drain rN+ Dex+6 SInv} (You
                  | found it in a Gauntlet)
 14444 | Gauntlet | Identified the cursed ring of Bodily Harmony {rF+ rC+ rN+
                  | Str-2} (You found it in a Gauntlet)
 14495 | Gauntlet | Noticed a minotaur
 14562 | D:11     | Found a staircase to the Lair.
 15260 | D:11     | Noticed Erolcha
 15271 | D:11     | Killed Erolcha
 15471 | D:12     | Noticed a two-headed ogre
 15480 | D:12     | Killed a two-headed ogre
 15677 | D:12     | Noticed a two-headed ogre
 15690 | D:12     | Killed a two-headed ogre
 15751 | D:12     | Reached XP level 13. HP: 76/85 MP: 15/15
 15872 | D:12     | Found Axzuowk's Magic Scroll Shop.
 15880 | D:12     | Bought a scroll of acquirement for 676 gold pieces
 15887 | D:12     | Received a gift from Okawaru
 16061 | D:5      | Bought a scroll of acquirement for 676 gold pieces
 16061 | D:5      | Bought a scroll of blinking for 97 gold pieces
 16061 | D:5      | Bought a scroll of identify for 26 gold pieces
 16061 | D:5      | Bought a scroll of magic mapping for 45 gold pieces
 16061 | D:5      | Bought a scroll of teleportation for 39 gold pieces
 16061 | D:5      | Bought a scroll of teleportation for 39 gold pieces
 16454 | D:12     | Reached skill level 1 in Shields
 16899 | D:9      | Bought a slimy cloak for 351 gold pieces
 17022 | D:12     | Bought a scroll of teleportation for 39 gold pieces
 17022 | D:12     | Bought a scroll of blinking for 97 gold pieces
 17213 | D:13     | Identified the +2 cloak of the Sun {Str+4} (You bought it
                  | in a shop on level 9 of the Dungeon)
 17976 | D:13     | Gained mutation: You are clumsy. (Dex -2) [a neqoxec]
 18097 | D:13     | Got a coiled platinum amulet
 18360 | D:14     | Identified the amulet of Xom's Approval {Inacc rElec rF-
                  | rN+} (You found it on level 13 of the Dungeon)
 18507 | D:14     | Found a flagged portal.
 18570 | D:14     | Received a gift from Okawaru
 18582 | D:14     | Reached skill level 10 in Dodging
 18612 | D:14     | Reached ****** piety under Okawaru
 18678 | D:14     | Gained mutation: Your large and strong wings let you fly
                  | indefinitely. [Gargoyle growth]
 18678 | D:14     | Reached XP level 14. HP: 28/92 MP: 16/16
 18686 | D:14     | Reached skill level 5 in Shields
 18693 | D:14     | Received a gift from Okawaru
 18731 | Bailey   | Entered a bailey
 19351 | Bailey   | Identified the amulet of Yczoos {Gourm Str+3} (You acquired
                  | it in a bailey)
 19426 | D:14     | Found a sparkling altar of Nemelex Xobeh.
 19829 | D:14     | Found a gate to the Vaults.
 19846 | D:14     | Got a slimy plate armour
 19857 | D:14     | Identified the +9 plate armour of Vexation {rC+ rN+} (You
                  | found it on level 14 of the Dungeon)
 19894 | D:15     | Entered Level 15 of the Dungeon
 20163 | D:15     | Reached skill level 1 in Evocations
 20495 | D:15     | Gained mutation: You are very clumsy. (Dex -4) [a neqoxec]
 20766 | D:15     | Found a staircase to the Depths.
 20776 | D:15     | Received a gift from Okawaru
 20796 | D:15     | Got a pair of bloodstained boots {god gift}
 20813 | D:15     | Identified the +0 pair of boots "Ythroger" {rPois Slay+3}
                  | (Okawaru gifted it to you on level 15 of the Dungeon)
 20835 | D:15     | Paralysed by a wizard for 3 turns
 21004 | Lair:1   | Entered Level 1 of the Lair of Beasts
 21067 | Lair:1   | Noticed Gastronok
 21081 | Lair:1   | Killed Gastronok
 21606 | Lair:1   | Reached XP level 15. HP: 91/99 MP: 18/18
 22283 | Lair:2   | Noticed Maggie
 22296 | Lair:2   | Killed Maggie
 22392 | Lair:2   | Found a staircase to the Shoals.
 22781 | Lair:3   | Reached skill level 5 in Invocations
 23285 | Lair:3   | Noticed Fannar
 23307 | Lair:3   | Killed Fannar
 23411 | Lair:3   | Found a hole to the Spider Nest.
 23435 | Lair:3   | You are sucked into a shaft and drop 3 floors!
 23435 | Lair:6   | Entered Level 6 of the Lair of Beasts
 23435 | Lair:6   | Found a staircase to the Slime Pits.
 23435 | Lair:6   | Found a viscous altar of Jiyva.
 23882 | Lair:6   | Received a gift from Okawaru
 24208 | Lair:5   | Found a dark tunnel.
 24218 | Volcano  | Entered a volcano
 24392 | Volcano  | Received a gift from Okawaru
 24487 | Volcano  | Identified a +2 pair of boots of running (Okawaru gifted it
                  | to you in a volcano)
 25567 | Lair:4   | Reached XP level 16. HP: 94/107 MP: 20/20
 27637 | Lair:6   | Received a gift from Okawaru
 28470 | Orc:1    | Entered Level 1 of the Orcish Mines
 28539 | Orc:1    | Received a gift from Okawaru
 28564 | Orc:1    | Reached skill level 5 in Evocations
 29147 | Orc:2    | Entered Level 2 of the Orcish Mines
 29372 | Orc:2    | Reached skill level 15 in Armour
 29381 | Orc:2    | Reached skill level 15 in Fighting
 29637 | Orc:2    | Found a staircase to the Elven Halls.
 29741 | Orc:2    | Found a roughly hewn altar of Beogh.
 29829 | Orc:2    | Found Budojob's Assorted Antiques.
 30289 | Orc:2    | Found Kekediqu's Magic Scroll Shoppe.
 30595 | Orc:1    | Found Peityshe's Jewellery Shoppe.
 31109 | Orc:2    | Found a roughly hewn altar of Beogh.
 31235 | Orc:2    | Found Ilusmuc's Distillery.
 31259 | Orc:2    | Found Izoaplac's Book Shop.
 31661 | Shoals:1 | Entered Level 1 of the Shoals
 31968 | Shoals:1 | Reached XP level 17. HP: 113/113 MP: 22/22
 32025 | Shoals:1 | Received a gift from Okawaru
 33063 | Shoals:2 | Found a runed translucent gate.
 33104 | Shoals:2 | Noticed Ilsuiw
 33142 | Shoals:2 | HP: 2/114 [water nymph/the raging water (16)]
 33886 | Shoals:2 | Killed Ilsuiw
 33960 | Shoals:2 | Found Irruz's Distillery.
 33963 | Shoals:2 | Bought a potion of heal wounds for 95 gold pieces
 33963 | Shoals:2 | Bought a potion of berserk rage for 95 gold pieces
 33963 | Shoals:2 | Bought a potion of heal wounds for 95 gold pieces
 33972 | Shoals:2 | Found Sythukh's Antique Armour Shoppe.
 33978 | Shoals:2 | Noticed MirrMurr's ghost (adept KoBe)
 33981 | Shoals:2 | Noticed Polyphemus
 34006 | Shoals:2 | Killed Polyphemus
 34011 | Shoals:2 | Reached skill level 15 in Maces & Flails
 34483 | Shoals:2 | Found Lass's General Store.
 34662 | Shoals:2 | Found a runed translucent gate.
 34663 | Shoals:2 | Found a runed translucent gate.
 35149 | Shoals:2 | Found Zaext's Book Emporium.
 35360 | Shoals:2 | Killed MirrMurr's ghost
 35753 | Shoals:2 | Identified Sikyr's Handbook of Earthen Heat
 35848 | Shoals:3 | Received a gift from Okawaru
 35892 | Shoals:3 | Got an encrusted mace
 35893 | Shoals:3 | Identified the +9 mace "Jyfytoy" {crush, +Rage rC++ Str-4
                  | Int+2} (You found it on level 3 of the Shoals)
 36292 | Orc:2    | Bought a scroll of acquirement for 1560 gold pieces
 36292 | Orc:2    | Identified the amulet of Xom's Malicious Joy {Faith rElec
                  | rC+ Str-3 Int+8} (You acquired it on level 2 of the Orcish
                  | Mines)
 37977 | Shoals:3 | Noticed a kraken
 37997 | Shoals:3 | Killed a kraken
 38198 | Shoals:4 | Entered Level 4 of the Shoals
 38735 | Shoals:4 | Found a runed translucent door.
 38736 | Shoals:4 | Noticed jt's ghost (adept TrBe)
 39194 | Shoals:4 | Reached XP level 18. HP: 118/122 MP: 21/23
 39777 | Shoals:4 | Identified the +4 chain mail "Apualu" {*Contam rElec Int+6
                  | Dex-5}
 39846 | Shoals:4 | Cast into level 3 of the Abyss (merfolk impaler)
 39969 | Abyss:3  | Received a gift from Okawaru
 39970 | Abyss:3  | Noticed a hellephant
 40026 | Abyss:3  | Killed a hellephant
 40362 | Abyss:3  | Paralysed by accursed screaming for 1 turns
 40370 | Abyss:3  | Found a corrupted altar of Lugonu.
 40546 | Abyss:3  | Got a shimmering whip
 40694 | Shoals:4 | Escaped the Abyss
 40723 | Shoals:4 | Identified the +5 whip of Change {elec, rPois MR+} (You
                  | found it on level 3 of the Abyss)
 41193 | Shoals:4 | Mangled by a kraken

Levels and vault maps discovered:
D:1:      scummos_arrival_star, layout_basic
D:2:      layout_rooms, nicolae_overflow_hidden_temple, minitemple,
          chequers_ecumenical_altar_simple_redux,
          nicolae_gozag_cash_rules_everything_around_me
D:3:      layout_rooms, first_ration, ebering_dispersal_statue_hall,
          minmay_gold_behind_fungi, uniq_crazy_yiuf_cottage
D:4:      layout_cave_pools, lemuel_crystal_altar, portal_sewer_entry_a
D:5:      cheibrodos_thug_alley, layout_layer_cave,
          minmay_temple_entry_nine_rooms, serial_shops, nicolae_shop_trees,
          uniq_blork_the_orc, uniq_edmund, uniq_prince_ribbit1
D:6:      layout_rooms, serial_shops, nicolae_shop_window_shopping,
          enter_ossuary_1, corner_web_ring, nicolae_dithmenos_the_darkroom
D:7:      cheibrodos_two_vegetables, layout_basic, old_standard_altar,
          nicolae_overflow_crystal_walls
D:8:      layout_layer_cave, nicolae_qazlal_general_emergency
D:9:      layout_cross, serial_shops, shop, basic_altar, serial_gnoll_camp,
          gnoll_camp_mini_shop, gnoll_camp_mini_shop, gnoll_camp_mini_doghouse,
          gnoll_camp_medium_01, gnoll_camp_mini_basic, uniq_psyche
D:10:     old_forge, layout_basic, minmay_orc_entry_temple_small,
          minmay_misc_feat_rugged, grunt_livestock, st_stairs_7,
          minmay_shattered_shrine
D:11:     layout_roguey, dpeg_oklobed_lair, gauntlet_entry_generic, uniq_erolcha
D:12:     layout_stronghold, serial_shops, nicolae_shop_behind_doors
D:13:     kennysheep_kobold_grotto, layout_cave_pods
D:14:     layout_basic, ximxim_vaults_locker_room, enter_bailey_6,
          minmay_misc_feat_rows, drop_trap, nemelex_xobeh_ov_fountains_minmay
D:15:     grunt_enter_depths_magical_seal, layout_cave_pools,
          wad_floor_pattern_1
Temple:   regret_index_temple_waves
Lair:1:   layout_cave_pods, uniq_gastronok
Lair:2:   layout_hall_layers, shoals_dummy_entry, uniq_maggie
Lair:3:   layout_layer_cave, nicolae_spider_entry_tight_spaces,
          fungi_pond_lemuel, uniq_fannar
Lair:4:   layout_layer_cave
Lair:5:   layout_long_grid, nicolae_volcano_entry_batcave, st_stairs_13,
          serial_bayou_shore_b, grunt_megastairs_1, infiniplex_staircase_pool
Lair:6:   hangedman_lair_in_review, layout_hall_layers,
          guppyfry_lair_end_dragon, slime_altar_1
Shoals:1: layout_shoals
Shoals:2: layout_shoals, gammafunk_ghost_split, serial_shops,
          nicolae_shop_behind_doors, shop_statue, shop, shop_coins,
          nicolae_shoals_so_close, uniq_ilsuiw, uniq_polyphemus
Shoals:3: layout_shoals
Shoals:4: shoals_end_hangedman, layout_shoals, gammafunk_ghost_grave
Orc:1:    layout_caves, minmay_shop_enchanted_jewellery
Orc:2:    pubby_orc_utopia, serial_shops

Skill      XL: |  1  2  3  4  5  6  7  8  9 10 11 12 13 14 15 16 17 18 |
---------------+-------------------------------------------------------+-----
Armour         | 1 2 3 4 5 7 8 10 11 12 13 14 15 16 17 | 17.0
Fighting       | 3 4 5 6 7 9 10 11 12 13 14 15 16 17 | 17.0
Dodging        | 3 4 5 6 7 8 9 10 11 12 13 | 13.8
Maces & Flails | 4 5 6 7 8 10 11 12 13 14 15 16 | 16.0
Invocations    | 3 4 6 7 |  7.0
Shields        | 4 6 7 8 |  8.7
Evocations     | 2 4 5 |  5.0
Throwing       | |  1.7

Action                   |  1- 3 |  4- 6 |  7- 9 | 10-12 | 13-15 | 16-18 || total
-------------------------+-------+-------+-------+-------+-------+-------++-------
Melee: Flail             |    82 |   174 |   675 |  1181 |  1315 |       ||  3427
       Punch             |       |       |       |     1 |       |       ||     1
       Dire flail        |       |       |       |       |   308 |  1443 ||  1751
       Mace              |       |       |       |       |       |   865 ||   865
Throw: Throwing net      |       |     2 |       |     9 |       |       ||    11
Invok: Heroism           |       |       |       |     4 |     8 |    14 ||    26
       Finesse           |       |       |       |       |     4 |     7 ||    11
 Abil: Fly               |       |       |       |       |     1 |     2 ||     3
       Evoke Berserk Rag |       |       |       |       |       |     7 ||     7
       Stop Flying       |       |       |       |       |       |     2 ||     2
Evoke: Wand              |       |       |       |     3 |       |     3 ||     6
  Use: Scroll            |       |    16 |     6 |     8 |    13 |    10 ||    53
       Potion            |       |     1 |     2 |     6 |    12 |    12 ||    33
 Stab: Invisible         |       |       |       |     5 |     7 |       ||    12
       Held in net/web   |       |       |       |     5 |       |       ||     5
       Confused          |       |       |       |       |     1 |       ||     1
       Paralysed         |       |       |       |       |       |     4 ||     4
  Eat: Chunk             |       |     4 |    13 |    32 |    59 |    61 ||   169
       Ration            |       |       |     1 |     2 |       |       ||     3
Armor: Leather armour    |    45 |    14 |       |       |       |       ||    59
       Ring mail         |       |    70 |   437 |       |       |       ||   507
       Skin              |       |     7 |       |       |       |       ||     7
       Scale mail        |       |       |     6 |   807 |   677 |  1164 ||  2654
       Plate armour      |       |       |       |       |   154 |       ||   154
Dodge: Dodged            |    75 |   133 |   562 |  1022 |  1352 |  1944 ||  5088
Block: Buckler           |       |       |       |       |   352 |   214 ||   566
       Reflection        |       |       |       |       |    17 |     7 ||    24

Table legend:
 A = Non-vault XP
 B = Vault XP
 C = Vault XP percentage of total XP
 D = Non-vault monster count
 E = Vault monster count
 F = Vault count percentage of total count
                 A         B        C        D         E       F
            +---------+---------+-------+---------+---------+-------
      Total |  168554 |  116185 |  40.8 |     695 |     521 |  42.8
            +---------+---------+-------+---------+---------+-------
        D:1 |      27 |       0 |   0.0 |      15 |       0 |   0.0
        D:2 |      95 |       0 |   0.0 |      27 |       0 |   0.0
        D:3 |      64 |      42 |  39.6 |      15 |       1 |   6.2
        D:4 |     929 |       6 |   0.6 |      18 |       4 |  18.2
        D:5 |     657 |     751 |  53.3 |      19 |      15 |  44.1
        D:6 |     809 |       0 |   0.0 |      21 |       0 |   0.0
        D:7 |     574 |     941 |  62.1 |      13 |       9 |  40.9
        D:8 |    1981 |     190 |   8.8 |      34 |       7 |  17.1
        D:9 |    2633 |     832 |  24.0 |      28 |      22 |  44.0
       D:10 |    2229 |    5500 |  71.2 |      22 |      36 |  62.1
       D:11 |    3768 |    2132 |  36.1 |      25 |       3 |  10.7
       D:12 |    8375 |       0 |   0.0 |      43 |       0 |   0.0
       D:13 |    3656 |    2352 |  39.1 |      19 |      26 |  57.8
       D:14 |   14753 |    3112 |  17.4 |      38 |      12 |  24.0
       D:15 |   10032 |    7786 |  43.7 |      32 |      10 |  23.8
     Lair:1 |    5372 |    2224 |  29.3 |      24 |       1 |   4.0
     Lair:2 |    4572 |     415 |   8.3 |      20 |       1 |   4.8
     Lair:3 |    2201 |    2705 |  55.1 |       8 |       7 |  46.7
     Lair:4 |    4309 |       0 |   0.0 |      22 |       0 |   0.0
     Lair:5 |    2299 |    2826 |  55.1 |       7 |       7 |  50.0
     Lair:6 |   17892 |   16459 |  47.9 |      54 |      40 |  42.6
   Shoals:1 |   11061 |     736 |   6.2 |      22 |       1 |   4.3
   Shoals:2 |   13057 |   16396 |  55.7 |      27 |      18 |  40.0
   Shoals:3 |   16468 |       0 |   0.0 |      27 |       0 |   0.0
   Shoals:4 |   14382 |   13163 |  47.8 |      32 |      19 |  37.3
      Orc:1 |    4005 |       0 |   0.0 |      39 |       0 |   0.0
      Orc:2 |       0 |   21192 | 100.0 |       0 |     146 | 100.0
    Abyss:3 |   22354 |       0 |   0.0 |      44 |       0 |   0.0
      Sewer |       0 |     621 | 100.0 |       0 |      32 | 100.0
    Ossuary |       0 |     441 | 100.0 |       0 |      39 | 100.0
     Bailey |       0 |    2260 | 100.0 |       0 |      26 | 100.0
    Volcano |       0 |   10761 | 100.0 |       0 |      29 | 100.0
   Gauntlet |       0 |    2342 | 100.0 |       0 |      10 | 100.0
            +---------+---------+-------+---------+---------+-------
